 Dungeon Crawl Stone Soup version 0.27.1-2-g3b301248ec (webtiles) character file.

Game seed: 6157522656719293699

121 pkoi the Slasher (level 4, 0/37 HPs)
             Began as a Minotaur Gladiator on Sept 25, 2021.
             Was a Follower of the Shining One.
             Slain by Grinder (6 damage)
             ... on level 3 of the Dungeon.
             The game lasted 00:01:58 (2131 turns).

pkoi the Slasher (Minotaur Gladiator)               Turns: 2131, Time: 00:01:58

Health: 0/37       AC:  5    Str: 26    XL:     4   Next: 77%
Magic:  3/3        EV: 12    Int:  5    God:    the Shining One [*.....]
Gold:   128        SH:  0    Dex: 11    Spells: 3/3 levels left

rFire    + . .     SeeInvis .   a - +0 long sword (freeze)
rCold    . . .     Faith    .   (no shield)
rNeg     . . .     Spirit   .   f - +0 ring mail
rPois    .         Reflect  .   c - +0 hat
rElec    .         Harm     .   (no cloak)
rCorr    .         Rampage  .   (no gloves)
Will     .....                  (no boots)
Stlth    ..........             (no amulet)
HPRegen  0.12/turn              g - +6 ring of strength
MPRegen  0.08/turn              h - ring of protection from fire

@: glowing
A: horns 2, retaliatory headbutt
a: Renounce Religion


You were on level 3 of the Dungeon.
You worshipped the Shining One.
The Shining One was aware of your devotion.
You visited 1 branch of the dungeon, and saw 3 of its levels.

You collected 128 gold pieces.

Inventory:

Hand Weapons
 a - a +0 long sword of freezing (weapon)
Missiles
 d - 3 throwing nets (quivered)
 l - 30 poisoned darts
Armour
 b - a +0 leather armour
 c - a +0 hat (worn)
 f - a +0 ring mail (worn)
Jewellery
 g - a +6 ring of strength (left hand)
 h - a ring of protection from fire (right hand)
 j - a ring of ice
Wands
 i - a wand of flame (25)
Scrolls
 e - a scroll of blinking
 n - a scroll of enchant weapon {unknown}
Potions
 k - a potion of lignification {unknown}
 m - a potion of might {unknown}
 o - 2 potions of curing {unknown}


   Skills:
 - Level 2.4 Fighting
 + Level 6.3 Long Blades
 - Level 2.0 Throwing
 - Level 2.0 Armour
 - Level 3.2 Dodging


You had 3 spell levels left.
You didn't know any spells.
Your spell library contained the following spells:

 Spells                   Type           Power      Damage    Failure   Level
 Dazzling Flash           Conj/Hex       0%         N/A       94%         3
 Iskenderun's Mystic Bla  Conj/Tloc      0%         2d3       100%        4
 Starburst                Conj/Fire      0%         6d3       100%        6


Dungeon Overview and Level Annotations

Branches:
Dungeon (3/15)

Altars:
The Shining One

Annotations:
D:3 Grinder


Innate Abilities, Weirdness & Mutations

You have a pair of horns on your head.
You reflexively headbutt those who attack you in melee.


Message History

You hit the giant cockroach but do no damage.
The giant cockroach closely misses you.
You slash the giant cockroach! You freeze the giant cockroach.
You kill the giant cockroach!
A ball python comes into view.
Found a whip.
The ball python moves out of view.
A ball python is nearby!
A ball python is nearby!
You hit the ball python. You freeze the ball python.
You kill the ball python!
You see here a ball python corpse.
Grinder comes into view.
Grinder is nearby!
Grinder is nearby!
Grinder is nearby!
Grinder gestures at you. Pain shoots through your body!
Grinder hits you but does no damage.
You slash Grinder! Your headbutt misses Grinder.
Grinder is moderately wounded.
Grinder hits you.
You writhe in agony.
* * * LOW HITPOINT WARNING * * *
You barely miss Grinder. Your headbutt misses Grinder.
Grinder is moderately wounded.
Grinder says, "Tell me all your secrets, or I'll kill you."
Grinder barely misses you.
You hit Grinder but do no damage.
Grinder is lightly wounded.
Grinder blinks!
Grinder says, "There's only one good use for a tongue: cutting it out."
Grinder hits you.
* * * LOW HITPOINT WARNING * * *
You writhe in agony.
* * * LOW HITPOINT WARNING * * *
You slash Grinder! Your headbutt misses Grinder.
Grinder is heavily wounded.
Grinder hits you.
* * * LOW HITPOINT WARNING * * *
You writhe in agony.
You die...

#.####......#
##...##.#.#
#.......#####
##.###.#.#..
#########
####.##)..†...#
####.......##..#..
#.......#####..###
#.##.##..# .#..
#.##.##.#...##...
#.##......####.###
#@#####.#.# ...
#5# #.#. ... #..
..# # ####


You could see Grinder.

Vanquished Creatures
  Ijyb (D:3)
  Robin (D:3)
  An adder (D:3)
  A worm (D:2)
  7 orcs
  5 endoplasms
  4 giant cockroaches
  10 goblins
  6 hobgoblins
  2 jackals (D:2)
  6 quokkas
  4 ball pythons
  4 kobolds
  4 rats
56 creatures vanquished.

Notes
Turn   | Place    | Note
-------+----------+-------------------------------------------
     0 | D:1      | pkoi the Minotaur Gladiator began the quest for the Orb.
     0 | D:1      | Reached XP level 1. HP: 18/18 MP: 0/0
   327 | D:1      | Found a faded altar of an unknown god.
   333 | D:1      | Became a worshipper of the Shining One
   333 | D:1      | Reached * piety under the Shining One
   687 | D:1      | Reached skill level 1 in Armour
   862 | D:2      | Reached skill level 4 in Long Blades
   863 | D:2      | Reached XP level 2. HP: 25/25 MP: 1/1
  1147 | D:2      | Reached XP level 3. HP: 28/30 MP: 2/2
  1569 | D:3      | Reached skill level 5 in Long Blades
  1569 | D:3      | Noticed Robin
  1575 | D:3      | Killed Robin
  1646 | D:3      | Reached XP level 4. HP: 31/37 MP: 3/3
  1801 | D:3      | Noticed Ijyb
  1810 | D:3      | Killed Ijyb
  1811 | D:3      | Reached skill level 6 in Long Blades
  2123 | D:3      | Noticed Grinder
  2131 | D:3      | Slain by Grinder

Illustrated notes

Levels and vault maps discovered:
D:1:      lemuel_arrival_lava_pool, layout_basic,
          dreamdust_ecumenical_altar_angels_and_demons, minmay_fountain_box,
          minmay_crystal_room, minmay_crystal_water, minmay_misc_feat_chi
D:2:      layout_loops_ring, minmay_curled_crystal
D:3:      layout_loops_cross, uniq_robin, uniq_ijyb, uniq_grinder

Skill      XL: |  1  2  3  4 |
---------------+-------------+-----
Armour         | 1 2 |  2.0
Long Blades    | 4 5 6 |  6.3
Fighting       | |  2.4
Throwing       | |  2.0
Dodging        | |  3.2

Action                   |  1- 3 |  4- 6 || total
-------------------------+-------+-------++-------
Melee: Long sword        |    55 |    26 ||    81
       Headbutt          |     6 |     5 ||    11
  Use: Scroll            |     3 |       ||     3
Armor: Ring mail         |    11 |     5 ||    16
Dodge: Dodged            |    27 |    13 ||    40
       Rpst.: Long sword |     7 |     2 ||     9
